 Dungeon Crawl Stone Soup version 0.29-a0-397-g846e4a0bbc (webtiles) character file.

Game seed: 12748929246086674720

27 GabrielManson the Grave Robber (level 2, 19/19 HPs)
             Began as a Mummy Necromancer on May 11, 2022.
             Quit the game on level 1 of the Dungeon.
             The game lasted 00:04:30 (1192 turns).

GabrielManson the Grave Robber (Mummy Necromancer)  Turns: 1192, Time: 00:04:31

Health: 19/19      AC:  2    Str: 11    XL:     2   Next: 93%
Magic:  5/5        EV: 12    Int: 14    God:
Gold:   83         SH:  0    Dex: 12    Spells: 4/6 levels left

rFire   x . .      SeeInvis .   b - +0 rapier
rCold   + . .      Faith    .   (no shield)
rNeg    + + +      Spirit   .   a - +0 robe
rPois   ∞          Reflect  .   (no helmet)
rElec   .          Harm     .   (no cloak)
rCorr   .          Rampage  .   (no gloves)
Will    +....                   (no boots)
Stlth   ++........              (no amulet)
HPRegen 0.06/turn               c - ring of willpower
MPRegen 0.09/turn               (no ring)

@: no status effects
A: cold resistance 1, negative energy resistance 3, torment resistance 2, heat
vulnerability 1, no potions
a: no special abilities


You were on level 1 of the Dungeon.
You visited 1 branch of the dungeon, and saw 1 of its levels.

You collected 83 gold pieces.

Inventory:

Hand Weapons
 b - a +0 rapier (weapon)
Armour
 a - a +0 robe (worn)
Jewellery
 c - a ring of willpower (left hand)
Scrolls
 d - a scroll of identify {unknown}


   Skills:
 + Level 0.8 Short Blades
 + Level 0.9 Armour
 + Level 2.0 Dodging
 - Level 1.7 Stealth
 - Level 2.8 Spellcasting
 - Level 4.0 Necromancy


You had 4 spell levels left.
You knew the following spells:

 Your Spells              Type           Power      Damage    Failure   Level
a - Pain                  Necr           52%        1d6       4%          1
b - Animate Skeleton      Necr           26%        N/A       4%          1

Your spell library contained the following spells:

 Spells                   Type           Power      Damage    Failure   Level
 Vampiric Draining        Necr           13%        2d6       12%         3
 Animate Dead             Necr           6%         N/A       38%         4
 Stone Arrow              Conj/Erth      4%         3d7       54%         3
 Animate Armour           Summ/Erth      4%         N/A       91%         4
 Hailstorm                Conj/Ice       2%         3d3       91%         4
 Agony                    Necr           13%        N/A       75%         5
 Simulacrum               Ice/Necr       3%         N/A       100%        6
 Lehudib's Crystal Spear  Conj/Erth      1%         10d2      100%        8
 Ice Form                 Ice/Tmut       Unusable   N/A       N/A         4

Dungeon Overview and Level Annotations

Branches:
Dungeon (1/15)

Altars:


Innate Abilities, Weirdness & Mutations

You are immune to poison.
Your flesh is cold resistant. (rC+)
You are immune to negative energy. (rN+++)
You are immune to unholy pain and torment.
You are vulnerable to heat. (rF-)
You do not drink.


Message History

The gnoll writhes in agony.
You kill the gnoll!
Your Dodging skill increases to level 2!
There is an open door here.
You see here a +0 club.
You start resting.
Magic restored.
You start resting.
HP restored.
You now have 72 gold pieces (gained 7).
Okay, then.
As you open the door, it creaks loudly!
You open the door.
There is an open door here.
You now have 82 gold pieces (gained 10).
There is an open door here.
You see here a +0 club.
You see here a +0 dagger.
There is a large open door here.
There is a large open door here.
There is an open door here.
There is an open door here.
A ball python comes into view.
Found a gold piece and a book of the Tundra.
Casting: Pain (safe; 4% risk of failure)
Confirm with . or Enter, or press ? or * to list all spells.
Aiming: Pain (safe; 4% risk of failure)
Press: ? - help, Shift-Dir - straight line, f - ball python
Aim: a ball python (asleep, chance to affect: 83%)
The ball python hisses angrily.
The ball python writhes in agony.
You kill the ball python!
You pick up a book of Armaments and begin reading...
You add the spells Stone Arrow, Animate Armour and Lehudib's Crystal Spear to your library.
You pick up a book of the Tundra and begin reading...
You add the spells Hailstorm and Simulacrum to your library.
You now have 83 gold pieces (gained 1).
Okay, then.
Unknown command.
Are you sure you want to abandon this character and quit the game? (Confirm with "yes".)

#.# #....# #.# #.# #.#
#....#.##.# ## #.#
#....#.##.# .######.#
#....#.##.# .##.....#
######.##.# )''.....#
#.##.####### .##....##
####........... )#######
#.............# .###########
#.@........†... ##.....#...#
#.............# .......#...#
#.............#
.......#...##################
.......)...'....#
.......#...####.##
.......#.........#
.......#.........#
.......####......##


There were no monsters in sight!

Vanquished Creatures
  A gnoll (D:1)
  A dart slug (D:1)
  2 endoplasms (D:1)
  A giant cockroach (D:1)
  2 goblins (D:1)
  2 hobgoblins (D:1)
  A quokka (D:1)
  2 ball pythons (D:1)
  A frilled lizard (D:1)
  A rat (D:1)
14 creatures vanquished.

Notes
Turn   | Place    | Note
-------+----------+-------------------------------------------
     0 | D:1      | GabrielManson the Mummy Necromancer began the quest for the
                  | Orb.
     0 | D:1      | Reached XP level 1. HP: 13/13 MP: 4/4
   524 | D:1      | Reached XP level 2. HP: 14/19 MP: 5/5
   636 | D:1      | Learned a level 1 spell: Animate Skeleton
  1192 | D:1      | Quit the game

Illustrated notes

Levels and vault maps discovered:
D:1:      nzn_arrival_depleted_hourglass, layout_basic

Skill      XL: |  1  2 |
---------------+-------+-----
Dodging        | 2 |  2.0
Short Blades   | |  0.8
Armour         | |  0.9
Stealth        | |  1.7
Spellcasting   | |  2.8
Necromancy     | |  4.0

Action                   || total
-------------------------++-------
Melee: Rapier            ||    36
 Cast: Pain              ||    16
 Stab: Sleeping          ||     1
Armor: Robe              ||     8
Dodge: Dodged            ||    28

Table legend: (Time is in decaauts)
 A = Elapsed time spent in this place.
 B = Non-inter-level travel time spent in this place.
 C = Inter-level travel time spent in this place.
 D = Time resting spent in this place.
 E = Time spent auto-exploring this place.
 F = Levels seen in this place.
 G = Mean time per level.
                   A        B        C        D        E       F      G
               +--------+--------+--------+--------+--------+-----+--------+
         Total |   1198 |   1198 |      0 |    501 |    494 |   1 | 1198.0 |
       Dungeon |   1198 |   1198 |      0 |    501 |    494 |   1 | 1198.0 |
               +--------+--------+--------+--------+--------+-----+--------+

Top non-repeatable levels by time:
     D:1: 1198 daAuts
